 Dungeon Crawl Stone Soup version 0.31.0-11-ge490571c62 (webtiles) character file.

Game seed: 11081253901270733487

385 Ijustatesigmund the Trooper (level 6, -3/39 HPs)
             Began as a Gargoyle Fighter on Jan 30, 2024.
             Slain by an ogre
             ... wielding a +0 giant club
              (19 damage)
             ... on level 5 of the Dungeon.
             The game lasted 00:05:31 (2433 turns).

Ijustatesigmund the Trooper (Gargoyle Fighter)      Turns: 2433, Time: 00:05:32

Health: -3/39      AC: 12    Str: 20    XL:     6   Next: 77%
Magic:  6/6        EV:  9    Int: 10    God:
Gold:   260        SH:  4    Dex:  9    Spells: 5/5 levels left

rFire   . . .        a - +1 flail
rCold   . . .        c - +0 buckler
rNeg    + . .        b - +0 scale mail
rPois   ∞            (no helmet)
rElec   +            (no cloak)
rCorr   .            j - +0 pair of gloves
SInv    .            (no boots)
Will    .....        (no amulet) Stlth
                     (no ring)
HPRegen 0.26/turn    (no ring)
MPRegen 0.10/turn

%: no passive effects
@: no status effects
A: sickness immunity, AC +4, negative energy resistance 1, electricity
resistance, torment resistance 1, petrification resistance
a: no special abilities


You were on level 5 of the Dungeon.
You visited 1 branch of the dungeon, and saw 5 of its levels.

You collected 260 gold pieces.

Inventory:

Hand Weapons
 a - a +1 flail (weapon)
Armour
 b - a +0 scale mail (worn)
 c - a +0 buckler (worn)
 j - a +0 pair of gloves (worn)
Scrolls
 g - a scroll of enchant weapon
Potions
 i - a potion of brilliance
 k - a potion of degeneration {unknown}
 m - a potion of curing


   Skills:
 + Level 4.6 Fighting
 * Level 4.6 Maces & Flails
 + Level 4.6 Armour
 + Level 4.6 Shields


You had 5 spell levels left.
You didn't know any spells.
Your spell library contained the following spells:

 Spells                   Type           Power      Damage    Failure   Level
 Ensorcelled Hibernation  Hex/Ice        0%         N/A       88%         2
 Fugue of the Fallen      Necr           0%         N/A       98%         3
 Anguish                  Hex/Necr       0%         N/A       100%        4


Dungeon Overview and Level Annotations

Branches:
Dungeon (5/15)
 Temple: D:4-7

Altars:

Annotations:
D:4 Grinder


Innate Abilities, Weirdness & Mutations

You are immune to sickness and miasma.
Your stone body is resilient. (AC +4)
You are immune to poison.
You resist negative energy. (rN+)
You are resistant to electric shocks. (rElec)
You are resistant to unholy torment.
You are immune to petrification.


Message History

The ogre is lightly wounded.
You block the orc's attack. The ogre hits you with a +0 giant club.
You hit the ogre.
The ogre is moderately wounded.
The orc hits you but does no damage. x2
The ogre hits you with a +0 giant club!
You closely miss the ogre.
The ogre is lightly wounded.
The orc closely misses you. The orc hits you but does no damage.
The ogre hits you with a +0 giant club!
An orc comes into view. It is wielding a +0 short sword.
The orc hits you with a +0 mace. The orc hits you but does no damage.
You feel much better.
The orc shouts!
The orc hits you but does no damage. You block the orc's attack.
You completely miss the ogre.
The ogre is lightly wounded.
The ogre hits you with a +0 giant club. You block the orc's attack.
The orc completely misses you.
You barely miss the ogre.
The ogre is lightly wounded.
The orc hits you but does no damage. The orc hits you with a +0 hand axe.
The ogre closely misses you.
Unknown command.
You hear the slow rusting of a very distant drain.
The orc barely misses you. The ogre attacks as it pursues you!
The ogre hits you with a +0 giant club!
You barely miss the ogre.
The ogre is lightly wounded.
The ogre hits you with a +0 giant club.
It was a potion of curing.
You feel better. The ogre hits you with a +0 giant club.
You aren't carrying any items that you can evoke.
Okay, then.
You hit the ogre.
The ogre is moderately wounded.
You barely miss the ogre.
The ogre is moderately wounded.
The ogre hits you with a +0 giant club!!
You die...

####+#########
#......<.....#
#............#
#.........)..#
##.######'#@.#
# #....B.O###
#.....oo#
#.......#
#.......#
#..?....#
.'.......#
.#....<..#
#.......#


You could see an ogre, a bombardier beetle and 2 orcs.

Vanquished Creatures
  Sigmund (D:3)
  A hound (D:4)
  A jelly (D:3)
  An iguana (D:3)
  3 gnolls (D:3)
  An adder (D:2)
  A dart slug (D:1)
  A ribbon worm (D:3)
  2 orcs (D:3)
  6 bats
  7 endoplasms
  2 giant cockroaches (D:2)
  9 goblins
  3 hobgoblins
  5 quokkas
  7 ball pythons
  A frilled lizard (D:1)
  5 kobolds
  7 rats
64 creatures vanquished.

Vanquished Creatures (collateral kills)
  An orc priest (D:5)
1 creature vanquished.

Grand Total: 65 creatures vanquished

Notes
Turn   | Place    | Note
-------+----------+-------------------------------------------
     0 | D:1      | Ijustatesigmund the Gargoyle Fighter began the quest for
                  | the Orb.
     0 | D:1      | Reached XP level 1. HP: 14/14 MP: 1/1
   219 | D:1      | Reached XP level 2. HP: 19/19 MP: 2/2
   724 | D:1      | Reached XP level 3. HP: 23/23 MP: 3/3
  1280 | D:2      | Found a faded altar of an unknown god.
  1549 | D:3      | Reached XP level 4. HP: 28/29 MP: 4/4
  1911 | D:3      | Noticed Sigmund
  1921 | D:3      | Killed Sigmund
  1922 | D:3      | Reached XP level 5. HP: 31/34 MP: 5/5
  1922 | D:3      | Reached XP level 6. HP: 36/39 MP: 6/6
  2373 | D:4      | Noticed Grinder
  2380 | D:5      | Entered Level 5 of the Dungeon
  2433 | D:5      | Slain by an ogre

Illustrated notes

Levels and vault maps discovered:
D:1:      dpeg_arrival_water_temple_mockup, layout_basic
D:2:      layout_rooms, chequers_ecumenical_altar_simple
D:3:      layout_loops_cross, uniq_sigmund
D:4:      layout_basic, led_xom_imps, uniq_natasha, uniq_grinder
D:5:      layout_gridville, grunt_gozag_statues, portal_sewer_entry_e

Skill      XL: |  1  2  3  4 |
---------------+-------------+-----
Maces & Flails | 3 4 |  4.6
Fighting       | 4 |  4.6
Armour         | 4 |  4.6
Shields        | 4 |  4.6

Action                     |  1- 3 |  4- 6 || total
---------------------------+-------+-------++-------
  Melee: Flail             |   136 |    86 ||   222
    Use: Potion            |       |     4 ||     4
         Scroll            |       |     5 ||     5
 Armour: Scale mail        |   109 |    82 ||   191
  Dodge: Dodged            |    76 |    46 ||   122
  Block: Buckler           |    31 |    18 ||    49
